Map: Praça Neon Violeta LE

Players

IagoAbreu

  • Race: Protoss Protoss
  • Spawn Location: 11:00

natankkk

  • Race: Terran Terran

VOD

Have the link to the VOD?

Description

Time

  • Played on: Feb. 19, 2018, 12:48 a.m.
  • Length: 17:03
Show
View Real Time Build Order
Export as new Build Order

IagoAbreu Protoss 

Build Orders:  

Get SALT Encoding   

  12  0:12  Probe (Chrono Boost)  
  13  0:28  Probe (Chrono Boost)  
  14  0:52  Pylon  
  14  1:14  Pylon  
  14  1:27  Probe (Chrono Boost)  
  14  1:39  Probe (Chrono Boost)  
  15  1:46  Pylon  
  15  1:49  Gateway  
  16  2:00  Forge  
  16  2:16  Pylon  
  16  2:19  Pylon  
  16  2:48  Probe (Chrono Boost)  
  17  2:59  Photon Cannon  
  17  3:03  Photon Cannon  
  17  3:05  Probe (Chrono Boost)  
  19  3:21  Assimilator  
  19  3:22  Probe (Chrono Boost)  
  19  3:35  Photon Cannon  
  19  3:37  Probe (Chrono Boost)  
  20  3:48  Probe (Chrono Boost)  
  20  3:55  Assimilator  
  21  4:27  Nexus  
  21  4:36  Probe (Chrono Boost)  
  22  4:48  Probe (Chrono Boost)  
  22  4:52  Gateway  
  22  4:59  Gateway  
  23  5:01  Probe (Chrono Boost)  
  24  5:16  Cybernetics Core  
  24  5:46  Photon Cannon  
  24  6:05  Nexus  
  24  6:15  Probe (Chrono Boost)  
  25  6:26  Probe (Chrono Boost)  
  26  6:40  Probe (Chrono Boost)  
  27  6:57  Probe (Chrono Boost)  
  28  7:10  Protoss Ground Weapons Level 1  
  28  7:14  Probe (Chrono Boost)  
  30  7:31  Probe (Chrono Boost)  
  30  7:45  Probe (Chrono Boost)  
  31  7:53  Zealot  
  33  8:02  Probe (Chrono Boost)  
  36  8:19  Probe (Chrono Boost)  
  37  8:27  Photon Cannon  
  37  8:31  Zealot  
  37  8:36  Probe (Chrono Boost)  
  40  8:44  Unknown, Sentry  
  42  8:52  Photon Cannon  
  42  8:53  Probe (Chrono Boost)  
  42  8:54  Zealot  
  45  9:09  Zealot  
  48  9:10  Probe (Chrono Boost)  
  48  9:20  Zealot  
  48  9:27  Probe (Chrono Boost)  
  51  9:30  Photon Cannon  
  51  9:33  Photon Cannon  
  51  9:39  Photon Cannon  
  55  9:50  Protoss Ground Armor Level 1  
  55  9:58  Photon Cannon  
  55  9:59  Warp Gate  
  51  10:27  Photon Cannon  
  51  10:55  Probe (Chrono Boost)  
  52  11:12  Probe (Chrono Boost)  
  53  11:29  Probe (Chrono Boost)  
  54  11:35  Gateway  
  54  11:37  Gateway x2  
  54  11:39  Gateway  
  54  11:46  Probe (Chrono Boost)  
  55  12:01  Gateway  
  55  12:03  Probe (Chrono Boost)  
  55  12:04  Gateway  
  55  12:07  Gateway  
  56  12:11  Gateway  
  56  12:30  Protoss Shields Level 1, Gateway  
  56  12:33  Pylon  
  56  12:36  Pylon  
  56  13:01  Death Council  
  56  13:49  Stalker x2  
  58  13:50  Stalker x2  
  58  13:51  Stalker  
  58  13:52  Stalker x2  
  58  13:53  Stalker  
  58  13:54  Stalker  
  60  14:30  Adept x2  
  60  14:32  Adept x3  
  60  14:33  Adept  
  60  14:34  Adept x2  
  60  14:35  Adept x2  
  80  15:59  Nexus  
  80  16:04  Pylon  
  80  16:06  Pylon  
  74  16:11  Pylon  
  74  16:12  Pylon  
  74  16:13  Pylon  
  74  16:14  Pylon  
  74  16:16  Pylon  
  74  16:17  Probe (Chrono Boost)  
  63  16:34  Probe (Chrono Boost)  
  45  16:56  Photon Cannon  
Show
View Real Time Build Order
Export as new Build Order

natankkk Terran 

Build Orders:  

Get SALT Encoding   

Tags
 
Add a new tag
Caveats
  • Supply blocks, unpowered buildings, or Contaminate may cause inaccurate times.
  • Supply counts are checked every 10 seconds.